 Dungeon Crawl Stone Soup version 0.26-a0-149-g49b1be5409 (webtiles) character file.

Game seed: 2756842871378541412

208 Gargoyl the Skirmisher (level 5, -4/46 HPs)
             Began as a Centaur Abyssal Knight on June 30, 2020.
             Was a Believer of Lugonu.
             Slain by a gnoll
             ... wielding a cursed -1 flail
              (9 damage)
             ... on level 3 of the Dungeon.
             The game lasted 00:03:53 (3085 turns).

Gargoyl the Skirmisher (Centaur Abyssal Knight)     Turns: 3085, Time: 00:03:53

Health: -4/46      AC:  8    Str: 14    XL:     5   Next: 55%
Magic:  7/7        EV:  7    Int: 11    God:    Lugonu [**....]
Gold:   60         SH:  0    Dex: 10    Spells: 4/4 levels left

rFire    . . .     SeeInvis .   a - +1 hand axe
rCold    . . .     Faith    .   (no shield)
rNeg     . . .     Spirit   .   m - +0 scale mail
rPois    .         Reflect  .   (no helmet)
rElec    .         Harm     .   d - scarf {repulsion}
rCorr    .                      e - +1 pair of gloves
MR       .....                  (no barding)
Stlth    ..........             (no amulet)
HPRegen  0.15/turn              (no ring)
MPRegen  0.10/turn              (no ring)

@: repel missiles, very quick
A: large, hooves 3, deformed body, speed 2, tough skin 3
a: Depart the Abyss, Bend Space, Renounce Religion


You were on level 3 of the Dungeon.
You worshipped Lugonu.
Lugonu was pleased with you.
You were not hungry.

You visited 1 branch of the dungeon, and saw 3 of its levels.
You visited the Abyss 1 time.

You collected 60 gold pieces.

Inventory:

Hand Weapons
 a - a +1 hand axe (weapon)
Armour
 d - a scarf of repulsion (worn)
 e - a +1 pair of gloves (worn)
 m - a +0 scale mail (worn)
Wands
 j - a wand of acid (5)
Scrolls
 b - a scroll of enchant armour {unknown}
 h - a scroll of identify {unknown}
 i - a scroll of remove curse {unknown}
Potions
 f - a potion of stabbing
Comestibles
 c - 3 rations


   Skills:
 + Level 3.7 Fighting
 + Level 3.1 Axes
 * Level 2.3 Armour
 * Level 1.6 Dodging
 * Level 3.1 Invocations


You had 4 spell levels left.
You didn't know any spells.
Your spell library was empty.

Dungeon Overview and Level Annotations

Branches:
Dungeon (3/15)

Altars:
Fedhas


Innate Abilities, Weirdness & Mutations

You have hooves in place of feet.
Armour fits poorly on your strangely shaped body.
You cover ground very quickly.
You have extremely tough skin. (AC +3)


Message History

The gnoll barely misses you. x2; The gnoll hits you with a +0 whip.
* * * LOW HITPOINT WARNING * * *
Found 2 potions of curing.
Unknown command.
You closely miss the gnoll. You hit the gnoll. You closely miss the gnoll.
You hit the gnoll. You barely miss the leopard gecko.
The leopard gecko bites you.
* * * LOW HITPOINT WARNING * * *
The gnoll hits you but does no damage.
The gnoll hits you with a cursed -1 flail.
* * * LOW HITPOINT WARNING * * *
The gnoll hits you with a +0 whip.
* * * LOW HITPOINT WARNING * * *
The gnoll hits you with a +0 flail.
* * * LOW HITPOINT WARNING * * *
You feel better. The leopard gecko barely misses you.
The gnoll barely misses you. The gnoll hits you with a +0 whip.
* * * LOW HITPOINT WARNING * * *
The gnoll hits you with a cursed -1 flail!
You die...

. .. ...##########
............
..........#
......?g..#
......g@..# ######
......lgg.##......
!............####.#
...................
...........=.####.#
........(....#
.............#
.............#
...........#


You could see 4 gnolls and a leopard gecko.

Vanquished Creatures
  Crazy Yiuf (D:2)
  Terence (D:2)
  An orc wizard (D:3)
  3 adders (D:2)
  2 oozes
  4 worms
  3 dart slugs
  A leopard gecko (D:1)
  3 orcs (D:3)
  A ball python (D:1)
  4 giant cockroaches
  10 goblins
  12 hobgoblins
  4 jackals (D:2)
  3 kobolds
  6 bats
  6 frilled lizards
  A leopard gecko skeleton (D:2)
  7 rats
73 creatures vanquished.

Notes
Turn   | Place    | Note
-------+----------+-------------------------------------------
     0 | Abyss:1  | Gargoyl the Centaur Abyssal Knight began the quest for the
                  | Orb.
     0 | Abyss:1  | Reached XP level 1. HP: 19/19 MP: 2/2
   109 | Abyss:1  | Noticed a balrug
   109 | Abyss:1  | Noticed a worldbinder
   110 | D:1      | Escaped the Abyss
   162 | D:1      | Reached XP level 2. HP: 8/26 MP: 3/3
   529 | D:1      | Reached skill level 1 in Dodging
   532 | D:1      | Reached * piety under Lugonu
   666 | D:1      | Reached XP level 3. HP: 14/31 MP: 4/4
  1348 | D:2      | Noticed Terence
  1364 | D:2      | Killed Terence
  1364 | D:2      | Reached XP level 4. HP: 29/38 MP: 5/5
  1529 | D:2      | Reached ** piety under Lugonu
  2075 | D:2      | Found a runed translucent door.
  2076 | D:2      | Noticed Crazy Yiuf
  2316 | D:2      | Killed Crazy Yiuf
  2316 | D:2      | Reached XP level 5. HP: 19/46 MP: 7/7
  3043 | D:3      | Found a blossoming altar of Fedhas.
  3084 | D:3      | HP: 2/46 [gnoll/+0 flail (2)]
  3085 | D:3      | Slain by a gnoll

Illustrated notes

Levels and vault maps discovered:
D:1:      psy_arrival_conway, layout_basic, serial_forest,
          infiniplex_forest_lined_room_2, infiniplex_forest_pool,
          infiniplex_forest_end_1, infiniplex_forest_clump_long,
          infiniplex_forest_clump_medium, infiniplex_forest_clump_double,
          infiniplex_forest_clump_large
D:2:      layout_rooms, first_ration, uniq_crazy_yiuf_cottage, uniq_terence
D:3:      layout_basic, fedhas_altar_1, grunt_temple_overflow_open, uniq_ijyb

Skill      XL: |  1  2  3  4 |
---------------+-------------+-----
Axes           | 2 3 |  3.1
Dodging        | 1 |  1.6
Armour         | 2 |  2.3
Invocations    | 3 |  3.1
Fighting       | |  3.7

Action                   |  1- 3 |  4- 6 || total
-------------------------+-------+-------++-------
Melee: Hand axe          |    84 |   104 ||   188
       Kick              |     8 |    21 ||    29
Invok: Depart the Abyss  |     1 |       ||     1
  Use: Potion            |       |     5 ||     5
 Stab: Sleeping          |       |     2 ||     2
  Eat: Chunk             |       |     6 ||     6
Armor: Leather armour    |    35 |    51 ||    86
       Skin              |       |     9 ||     9
       Scale mail        |       |    30 ||    30
Dodge: Dodged            |    46 |    88 ||   134
       Repelled          |     4 |       ||     4

Table legend:
 A = Non-vault XP
 B = Vault XP
 C = Vault XP percentage of total XP
 D = Non-vault monster count
 E = Vault monster count
 F = Vault count percentage of total count
                 A         B        C        D         E       F
            +---------+---------+-------+---------+---------+-------
      Total |     220 |      78 |  26.2 |      71 |       2 |   2.7
            +---------+---------+-------+---------+---------+-------
        D:1 |      55 |       0 |   0.0 |      25 |       0 |   0.0
        D:2 |     107 |      78 |  42.2 |      36 |       2 |   5.3
        D:3 |      58 |       0 |   0.0 |      10 |       0 |   0.0
            +---------+---------+-------+---------+---------+-------
